 Dungeon Crawl Stone Soup version 0.17.0-22-g5edae84 (webtiles) character file.

794 Fv001 the Skirmisher (level 7, -4/41 HPs)
             Began as a Gargoyle Wanderer on Nov 13, 2015.
             Slain by Kloppie's ghost (13 damage)
             ... on level 5 of the Dungeon.
             The game lasted 00:32:54 (5265 turns).

Fv001 the Skirmisher (Gargoyle Wanderer)            Turns: 5265, Time: 00:32:54

Health: -4/41      AC: 10    Str: 15    XL:     7   Next: 89%
Magic:  1/10       EV: 12    Int: 14    God:
Gold:   223        SH:  0    Dex: 10    Spells: 3 memorised, 7 levels left

rFire  . . .     SeeInvis .     a - +0 flail
rCold  . . .     Clarity  .     A - +0 robe {Archmagi}
rNeg   + . .     SustAt   .     (no shield)
rPois  ∞         Gourm    .     (no helmet)
rElec  +         Spirit   .     B - +2 cloak
rCorr  .         Warding  .     (no gloves)
rMut   .         Stasis   .     (no boots)
MR     .....                    x - amulet of rage
Stlth  +.........               (no ring)
                                (no ring)

@: very slightly contaminated, not resistant to hostile enchantments, very
unstealthy
A: negative energy resistance 1, electricity resistance, unbreathing,
petrification resistance, rot immunity, AC +4
a: Evoke Berserk Rage


You were on level 5 of the Dungeon.
You were hungry.

You visited 1 branch of the dungeon, and saw 5 of its levels.

You collected 223 gold pieces.

Inventory:

Hand Weapons
 a - a +0 flail (weapon)
 k - a +1 dagger of distortion
 v - a +0 mace
Armour
 o - a +0 chain mail
 q - a +0 leather armour
 A - a +0 robe of the Archmagi (worn)
 B - a +2 cloak (worn)
Jewellery
 x - an amulet of rage (around neck)
 z - an uncursed ring of teleportation
Scrolls
 b - 2 scrolls of teleportation
 d - a scroll of random uselessness {unknown}
 g - a scroll of identify
 m - 3 scrolls of remove curse
 t - a scroll of magic mapping {unknown}
 u - a scroll of immolation {unknown}
 w - a scroll of enchant armour {unknown}
 y - a scroll of recharging {unknown}
Potions
 e - 2 potions of curing {unknown}
 h - 3 potions of haste
 l - a potion of poison {unknown}
 p - a potion of magic
 r - a potion of flight
 s - 2 potions of mutation
Books
 c - the Guide on Arcane Weapons

   Spells                             Type                      Level
   a - Flame Tongue                   Conjuration/Fire             1
   b - Throw Frost                    Conjuration/Ice              2
 n - a book of Minor Magic

   Spells                             Type                      Level
   a - Magic Dart                     Conjuration                  1
   b - Blink                          Translocation                2
   c - Call Imp                       Summoning                    2
   d - Repel Missiles                 Charms/Air                   2
   e - Slow                           Hexes                        2
   f - Conjure Flame                  Conjuration/Fire             3
   g - Mephitic Cloud                 Conjuration/Poison/Air       3
Comestibles
 f - 2 bread rations
 i - 2 beef jerkies
 j - 2 meat rations


   Skills:
 + Level 3.2 Fighting
 + Level 2.0 Maces & Flails
 - Level 1.5 Throwing
 + Level 3.2 Armour
 + Level 2.0 Dodging
   Level 1.1 Shields
 - Level 3.0 Unarmed Combat
 + Level 2.6 Spellcasting
 + Level 3.1 Conjurations
 + Level 2.5 Fire Magic
 + Level 2.4 Ice Magic
   Level 1.0 Air Magic
 + Level 2.1 Evocations


You had 7 spell levels left.
You knew the following spells:

 Your Spells              Type           Power        Failure   Level  Hunger
a - Magic Dart            Conj           ###.         10%         1    #......
b - Flame Tongue          Conj/Fire      ##...        10%         1    #......
c - Throw Frost           Conj/Ice       ##....       14%         2    ###....


Dungeon Overview and Level Annotations

Branches:
Dungeon (5/15)
 Temple: D:4-7

Altars:
Makhleb
Xom

Annotations:
D:5 Kloppie's ghost, amateur FeMo


Innate Abilities, Weirdness & Mutations

You are resistant to torment.
Your stone body is resilient (AC +4).
You are immune to poison.
You resist negative energy.
You are resistant to electric shocks.
You can survive without breathing.
You are immune to petrification.
You are immune to rotting.


Message History

Aim: Kloppie's ghost (severely damaged)
You feel a surge of power!
The magic dart hits Kloppie's ghost.
Kloppie's ghost is almost destroyed.
Kloppie's ghost hits you!
* * * LOW HITPOINT WARNING * * *
You completely miss Kloppie's ghost.
Kloppie's ghost is almost destroyed.
Kloppie's ghost hits you but does no damage.
You barely miss Kloppie's ghost.
Kloppie's ghost is almost destroyed.
Kloppie's ghost shrieks, "You must not succeed where I failed!"
Kloppie's ghost closely misses you.
You completely miss Kloppie's ghost.
Kloppie's ghost is almost destroyed.
Kloppie's ghost hits you.
* * * LOW HITPOINT WARNING * * *
You miss Kloppie's ghost.
Kloppie's ghost is almost destroyed.
Kloppie's ghost misses you. Kloppie's ghost hits you!
You die...

.........#
.........#
.........##########
#######...........#
#...#........#
+...#........#
#...#........#
#####........#
#######@##
......W..#
.........#
.........#
.##.....## ####+##


You could see Kloppie's ghost.

Vanquished Creatures
  Sigmund (D:2)
  2 phantoms (D:4)
  A scorpion (D:3)
  An orc priest (D:4)
  2 hounds
  2 orc wizards (D:4)
  Crazy Yiuf (D:2)
  An iguana (D:4)
  3 worker ants
  2 adders (D:4)
  3 worms (D:3)
  An adder skeleton (D:4)
  19 orcs
  A ball python (D:2)
  7 hobgoblins
  5 jackals
  6 kobolds
  2 quokkas
  9 bats
  5 giant cockroaches
  2 giant geckos (D:3)
  12 goblins
  A jackal skeleton (D:4)
  9 rats
98 creatures vanquished.

Notes
Turn   | Place    | Note
--------------------------------------------------------------
     0 | D:1      | Fv001 the Gargoyle Wanderer began the quest for the Orb.
     0 | D:1      | Fv001 set off with: a book of Minor Magic, a scroll of teleportation, the Guide on Arcane Weapons, a +0 robe, a +0 club, a bread ration
     0 | D:1      | Reached XP level 1. HP: 12/12 MP: 2/2
     0 | D:1      | Identified the Guide on Arcane Weapons
     2 | D:1      | Learned a level 1 spell: Magic Dart
     4 | D:1      | Learned a level 1 spell: Flame Tongue
   506 | D:1      | Reached XP level 2. HP: 9/16 MP: 3/3
   876 | D:1      | Reached XP level 3. HP: 21/21 MP: 0/4
   889 | D:1      | Learned a level 2 spell: Throw Frost
  1148 | D:2      | Noticed Sigmund
  1286 | D:3      | Reached skill level 1 in Fire Magic
  1893 | D:2      | Reached XP level 4. HP: 17/26 MP: 6/6
  2266 | D:4      | Noticed a phantom
  2360 | D:4      | Reached skill level 1 in Maces & Flails
  2360 | D:4      | Reached skill level 1 in Armour
  2400 | D:4      | Reached XP level 5. HP: 18/30 MP: 3/7
  2414 | D:4      | Reached skill level 1 in Evocations
  2700 | D:4      | Reached skill level 1 in Ice Magic
  2782 | D:4      | Reached XP level 6. HP: 23/36 MP: 3/8
  3249 | D:4      | Noticed a phantom
  3288 | D:4      | Noticed an ogre
  3478 | D:2      | Found a shimmering altar of Xom.
  3761 | D:2      | Found a burning altar of Makhleb.
  3828 | D:2      | Killed Sigmund
  3828 | D:2      | Reached XP level 7. HP: 3/40 MP: 5/10
  4107 | D:2      | Noticed Crazy Yiuf
  4122 | D:2      | Killed Crazy Yiuf
  4381 | D:3      | Noticed a scorpion
  4392 | D:3      | Killed a scorpion
  4922 | D:4      | Noticed a phantom
  4942 | D:4      | Killed a phantom
  5047 | D:4      | Killed a phantom
  5131 | D:5      | Entered Level 5 of the Dungeon
  5250 | D:5      | Noticed Kloppie's ghost (amateur FeMo)
  5265 | D:5      | Slain by Kloppie's ghost

Action                   |  1- 3 |  4- 6 |  7- 9 || total
-------------------------+-------+-------+-------++-------
Melee: Club              |   113 |       |       ||   113
       Flail             |    14 |    91 |    51 ||   156
       Mace              |     5 |       |       ||     5
 Cast: Magic Dart        |    43 |    28 |    35 ||   106
       Flame Tongue      |    13 |    54 |    36 ||   103
       Throw Frost       |       |     2 |     2 ||     4
  Use: Scroll            |       |     6 |     4 ||    10
       Potion            |       |     3 |       ||     3
 Stab: Sleeping          |     2 |       |       ||     2
  Eat: Chunk             |     6 |     8 |     6 ||    20
